 Dungeon Crawl Stone Soup version 0.17-a0-1923-gc35365e (webtiles) character file.

56 musteatbrain the Sneak (level 4, -1/28 HPs)
             Began as a Kobold Assassin on Sept 28, 2015.
             Slain by a phantom (8 damage)
             ... on level 3 of the Dungeon.
             The game lasted 00:05:31 (1835 turns).

musteatbrain the Sneak (Kobold Assassin)            Turns: 1835, Time: 00:05:31

Health: -1/28      AC:  4    Str: 14    XL:     4   Next: 15%
Magic:  4/4        EV: 13    Int:  9    God:
Gold:   80         SH:  5    Dex: 18    Spells: 0 memorised, 3 levels left

rFire  . . .     SeeInvis .     h - +1 dagger (elec)
rCold  . . .     Clarity  .     c - +0 robe
rNeg   . . .     SustAt   .     r - +0 buckler
rPois  .         Gourm    .     (no helmet)
rElec  .         Spirit   .     d - +0 cloak
rCorr  .         Warding  .     (no gloves)
rMut   .         Stasis   .     o - +0 pair of boots
MR     .....                    (no amulet)
Stlth  +++.......               (no ring)
                                (no ring)

@: mighty, not resistant to hostile enchantments, fairly stealthy
A: carnivore 3
a: no special abilities


You were on level 3 of the Dungeon.
You were not hungry.

You visited 1 branch of the dungeon, and saw 3 of its levels.

You collected 80 gold pieces.

Inventory:

Hand weapons
 a - a +2 dagger
 b - a +0 blowgun
 h - a +1 dagger of electrocution (weapon)
Missiles
 e - 4 poisoned needles (quivered)
 f - 2 curare-tipped needles
 l - 6 needles of slowing
Armour
 c - a +0 robe (worn)
 d - a +0 cloak (worn)
 o - a +0 pair of boots (worn)
 r - a +0 buckler (worn)
Jewellery
 n - a cursed ring of fire {unknown}
Scrolls
 j - a scroll of recharging
 t - a scroll of blinking
Potions
 i - a potion of ambrosia
 m - 2 potions of poison {unknown}
 p - a potion of brilliance {unknown}
 q - a potion of magic
 s - a potion of mutation {unknown}
 u - a potion of invisibility {unknown}
Comestibles
 g - 5 meat rations
 v - a beef jerky


   Skills:
 + Level 3.3 Fighting
 * Level 4.5 Short Blades
 - Level 2.6 Throwing
 - Level 1.2 Dodging
 - Level 5.3 Stealth


You had 3 spell levels left.
You didn't know any spells.

Dungeon Overview and Level Annotations

Branches:
Dungeon (3/15)

Altars:
Zin


Innate Abilities, Weirdness & Mutations

You are small and have problems with some larger weapons.
You are carnivorous and can eat meat at any time.


Message History

The phantom hits you!
You see here a poisoned needle.
You barely miss the phantom.
The phantom is heavily damaged.
The phantom barely misses you.
You hit the phantom.
The phantom is heavily damaged.
You hit the phantom but do no damage.
The phantom is heavily damaged.
The phantom hits you.
* * * LOW HITPOINT WARNING * * *
You are too injured to fight recklessly!
You are too injured to fight recklessly!
You are too injured to fight recklessly!
Eat which item? (? for menu, Esc to quit)
Okay, then.
Drink which item? (? for menu, Esc to quit)
You feel very mighty all of a sudden. The phantom hits you!
You die...

.....##.....#..............#
.....##.....†.#............#
...........................##
.####..#........#...........#
## #.#........##....(.....##
..#.................(..#
#..........###..(.......#
.....###...###W#.....#..#
#.%.#.........@.(.##.###.#
......#...#####.####.# .# #
#..# ..# # #.## ### .. ...
... ....


You could see a phantom.

Vanquished Creatures
  A gnoll (D:1)
  An ooze (D:1)
  A worm (D:2)
  3 giant geckos (D:1)
  6 bats
  A giant cockroach (D:1)
  2 hobgoblins (D:2)
  7 kobolds
  A quokka (D:3)
  4 giant newts
  8 goblins
  5 rats
40 creatures vanquished.

Notes
Turn   | Place    | Note
--------------------------------------------------------------
     0 | D:1      | musteatbrain the Kobold Assassin began the quest for the Orb.
     0 | D:1      | Reached XP level 1. HP: 12/12 MP: 1/1
   121 | D:1      | Reached XP level 2. HP: 18/18 MP: 2/2
   218 | D:1      | Reached XP level 3. HP: 22/22 MP: 3/3
  1212 | D:2      | Reached XP level 4. HP: 28/28 MP: 4/4
  1515 | D:2      | Found a glowing silver altar of Zin.
  1803 | D:3      | Noticed a phantom
  1835 | D:3      | Slain by a phantom

Vault maps used:
D:1:      shiori_arrival_oz
D:2:      lemuel_round_altar, minivault_4
D:3:      minitemple

Action                   |  1- 3 |  4- 6 || total
-------------------------+-------+-------++-------
Melee: Dagger            |    50 |    23 ||    73
  Use: Scroll            |     6 |     3 ||     9
       Potion            |     1 |     1 ||     2
 Stab: Sleeping          |    10 |     4 ||    14
  Eat: Chunk             |     1 |     2 ||     3
